 Dungeon Crawl Stone Soup version 0.22-a0-570-g58866f5 (webtiles) character file.

31 inc the Conjurer (level 3, -28/21 HPs)
             Began as an Octopode Fire Elementalist on June 30, 2018.
             Annihilated by an ogre
             ... wielding a +0 giant spiked club
              (37 damage)
             ... on level 2 of the Dungeon.
             The game lasted 00:01:24 (821 turns).

inc the Conjurer (Octopode Fire Elementalist)        Turns: 821, Time: 00:01:25

Health: -28/21     AC:  1    Str:  7    XL:     3   Next: 22%
Magic:  4/6        EV: 13    Int: 18    God:
Gold:   48         SH:  0    Dex: 12    Spells: 5/6 levels left

rFire    . . .     SeeInvis .   c - +1 dagger (flame)
rCold    . . .     Gourm    .   (no shield)
rNeg     . . .     Faith    .   (helmet restricted)
rPois    .         Spirit   .   (no amulet)
rElec    .         Reflect  .   (no ring)
rCorr    .         Harm     .   (no ring)
MR       .....                  (no ring)
Stlth    +++.......             (no ring)
HPRegen  0.07/turn              (no ring)
MPRegen  0.10/turn              (no ring)
                                (no ring)
                                (no ring)

@: no status effects
A: almost no armour, stealthy swim, amphibious, 8 rings, constrict 8, camouflage
1, gelatinous body 1
a: no special abilities


You were on level 2 of the Dungeon.
You were not hungry.

You visited 1 branch of the dungeon, and saw 2 of its levels.

You collected 48 gold pieces.

Inventory:

Hand Weapons
 a - a +0 spear
 c - a +1 dagger of flaming (weapon)
Scrolls
 d - a scroll of enchant weapon {unknown}
 e - a scroll of blinking {unknown}
 f - 2 scrolls of noise {unknown}
Potions
 g - 2 potions of flight {unknown}
Comestibles
 b - 3 rations


   Skills:
 - Level 2.0 Dodging
 - Level 2.6 Stealth
 - Level 2.0 Spellcasting
 + Level 3.1 Conjurations
 - Level 3.0 Fire Magic


You had 5 spell levels left.
You knew the following spells:

 Your Spells              Type           Power        Failure   Level  Hunger
a - Flame Tongue          Conj/Fire      ##...        5%          1    #......

Your spell library contained the following spells:

 Spells                   Type           Power        Failure   Level  Hunger
 Fireball                 Conj/Fire      ##........   82%         5    ######.
 Conjure Flame            Conj/Fire      ##......     16%         3    ###....
 Throw Flame              Conj/Fire      ##....       8%          2    ###....
 Sticky Flame             Conj/Fire      ##......     45%         4    #####..
 Inner Flame              Hex/Fire       #.......     28%         3    ###....


Dungeon Overview and Level Annotations

Branches:
Dungeon (2/15)

Altars:


Innate Abilities, Weirdness & Mutations

You cannot wear most types of armour.
You are very stealthy in the water. (Stealth+)
You are amphibious.
You can wear up to eight rings at the same time.
You can use your tentacles to constrict eight enemies at once.
Your skin changes colour to match your surroundings (Stealth+).
Your rubbery body absorbs attacks. (AC +1, EV +1)


Message History

Aiming: Flame Tongue (safe; 5% risk of failure)
Press: ? - help, Shift-Dir - straight line, f/p - ogre
Aim: an ogre, wielding a giant spiked club (heavily wounded)
The flame tongue hits the ogre.
The ogre is heavily wounded.
You see here an adder corpse.
There is a stone staircase leading up here.
You hit the ogre but do no damage. You squeeze the ogre.
The ogre is severely wounded.
The ogre hits you with a giant spiked club!
You hit the ogre but do no damage.
The ogre is severely wounded.
You hit the ogre. You burn the ogre.
The ogre is severely wounded.
The ogre barely misses you.
You barely miss the ogre.
The ogre is severely wounded.
The ogre hits you with a giant spiked club!!!
Ouch! That really hurt!
You die...

......# .....
####.....#####..#.#
#.............#.#.# #
#.#.......# #.#.#.# #.
#.#.......###.#.#.#
#.####.#.#......##.#.#.#
####........+.........#.#.##
#.....†.....#.....†.........
#..........@O...............
#..........##...............
#..........##.............##
#..........####.########..#
#..........####.## #..#
#..........##....#######..##
#..........##........)......
#..........##...............
..........##............>..


You could see an ogre.

Vanquished Creatures
  An adder (D:2)
  2 bats
  5 goblins
  2 hobgoblins
  3 jackals (D:1)
  2 kobolds (D:1)
  A ball python (D:1)
  A frilled lizard (D:2)
  2 rats (D:1)
19 creatures vanquished.

Notes
Turn   | Place    | Note
-------+----------+-------------------------------------------
     0 | D:1      | inc the Octopode Fire Elementalist began the quest for the Orb.
     0 | D:1      | Reached XP level 1. HP: 11/11 MP: 3/3
   224 | D:1      | Reached XP level 2. HP: 17/17 MP: 5/5
   770 | D:2      | Reached XP level 3. HP: 20/21 MP: 6/6
   795 | D:2      | Noticed an ogre
   821 | D:2      | Annihilated by an ogre

Vault maps used:
D:1:      scummos_arrival_checkerplants, minmay_shallow_snake_nest
D:2:      chequers_temple_overflow_statue_of_worship

Skill      XL: |  1  2 |
---------------+-------+-----
Conjurations   | 2 3 |  3.1
Dodging        | |  2.0
Stealth        | |  2.6
Spellcasting   | |  2.0
Fire Magic     | |  3.0

Action                   || total
-------------------------++-------
Melee: Unarmed           ||     8
       Spear             ||    16
       Tentacles         ||     5
       Constrict         ||     9
       Dagger            ||    24
 Cast: Flame Tongue      ||     5
 Stab: Sleeping          ||     7
Dodge: Dodged            ||    21

Table legend:
 A = Spawn XP
 B = Non-spawn XP
 C = Spawn XP percentage of total XP
 D = Spawn monster count
 E = Non-spawn monster count
 F = Spawn count percentage of total count
 G = Total turns spent on level
                    A         B        C        D         E        F      G
               +---------+---------+-------+---------+---------+-------+---------
         Total |       0 |      45 |   0.0 |       0 |      19 |   0.0 |   821
               +---------+---------+-------+---------+---------+-------+---------
           D:1 |       0 |      25 |   0.0 |       0 |      14 |   0.0 |   731
           D:2 |       0 |      20 |   0.0 |       0 |       5 |   0.0 |    90
               +---------+---------+-------+---------+---------+-------+---------
